 Dungeon Crawl Stone Soup version 0.22.0 (webtiles) character file.

163 CyclopB the Ducker (level 5, -1/33 HPs)
             Began as an Octopode Transmuter on Dec 28, 2018.
             Splashed by a jelly's acid (3 damage)
             ... on level 5 of the Dungeon.
             The game lasted 00:17:08 (3695 turns).

CyclopB the Ducker (Octopode Transmuter)            Turns: 3695, Time: 00:17:09

Health: -1/33      AC: -11   Str:  9    XL:     5   Next: 44%
Magic:  8/8        EV: 15    Int: 20    God:
Gold:   120        SH:  0    Dex: 14    Spells: 5/8 levels left

rFire    + . .     SeeInvis .   g - +0 dagger
rCold    + . .     Gourm    .   (no shield)
rNeg     . . .     Faith    .   (helmet restricted)
rPois    +         Spirit   .   (no amulet)
rElec    +         Reflect  .   (no ring)
rCorr    +         Harm     .   (no ring)
MR       .....                  (no ring)
Stlth    +++.......             (no ring)
HPRegen  0.11/turn              (no ring)
MPRegen  0.11/turn              (no ring)
                                (no ring)
                                (no ring)

@: brilliant, resistant, corroded
A: almost no armour, stealthy swim, amphibious, 8 rings, constrict 8, camouflage
1, gelatinous body 1
a: no special abilities


You were on level 5 of the Dungeon.
You were not hungry.

You visited 1 branch of the dungeon, and saw 5 of its levels.

You collected 120 gold pieces.

Inventory:

Hand Weapons
 g - a +0 dagger (weapon)
 i - a cursed -1 blowgun
 l - a cursed -1 short sword
Missiles
 a - 31 arrows
 e - 62 stones (quivered)
 p - 6 curare-tipped needles
Wands
 o - a wand of random effects (35)
 q - a wand of polymorph (18)
Scrolls
 b - 3 scrolls of remove curse {unknown}
 d - a scroll of magic mapping {unknown}
 f - 3 scrolls of random uselessness {unknown}
 h - 4 scrolls of identify {unknown}
 k - a scroll of enchant armour {unknown}
Potions
 n - 2 potions of curing
Comestibles
 c - 11 rations
 r - 3 chunks of flesh


   Skills:
 - Level 1.0 Fighting
 + Level 4.5 Dodging
 - Level 2.0 Stealth
 - Level 3.0 Unarmed Combat
 - Level 2.0 Spellcasting
 - Level 3.1 Transmutations
 - Level 0.7 Evocations


You had 5 spell levels left.
You knew the following spells:

 Your Spells              Type           Power        Failure   Level  Hunger
a - Beastly Appendage     Tmut           ####..       1%          1    #......
b - Sticks to Snakes      Tmut           ####....     1%          2    ##.....

Your spell library contained the following spells:

 Spells                   Type           Power        Failure   Level  Hunger
 Spider Form              Tmut/Pois      ###.......   3%          3    ###....
 Blade Hands              Tmut           ####......   13%         5    ######.
 Ice Form                 Ice/Tmut       ###.....     10%         4    #####..


Dungeon Overview and Level Annotations

Branches:
Dungeon (5/15)
 Temple: D:4-7

Altars:

Annotations:
D:2 1 runed door
D:4 Ijyb, Sigmund


Innate Abilities, Weirdness & Mutations

You cannot wear most types of armour.
You are very stealthy in the water. (Stealth+)
You are amphibious.
You can wear up to eight rings at the same time.
You can use your tentacles to constrict eight enemies at once.
Your skin changes colour to match your surroundings (Stealth+).
Your rubbery body absorbs attacks. (AC +1, EV +1)


Message History

The jelly is lightly wounded.
The jelly misses you.
It was a potion of brilliance.
You feel clever all of a sudden.
The crimson imp blinks!
The jelly closely misses you.
You hit the jelly but do no damage.
Your tentacles burn!
* * * LOW HITPOINT WARNING * * *
The jelly is lightly wounded.
The jelly barely misses you.
You hit the jelly but do no damage. The acid corrodes you!
Your tentacles burn!
* * * LOW HITPOINT WARNING * * *
You squeeze the jelly.
The jelly is moderately wounded.
The jelly closely misses you.
It was a potion of resistance.
You feel protected.
The crimson imp blinks!
The jelly hits you.
* * * LOW HITPOINT WARNING * * *
You are splashed with acid!
The acid burns!
You resist.
You die...

#.####.# #...(..## ..#
#........ (.# #.####.##
5.# #.# ##.# ..# #.# #..#
.J#### #.# #..# .....
##########.###..###.(####
.......<@J.w((....(......
##########.##5..####.####
#.ยง..#........
#.##...####.##.. #.######
# #.# #.. ###


You could see a jelly, a crimson imp and a dart slug.

Vanquished Creatures
  A howler monkey (D:5)
  Robin (D:2)
  3 adders (D:2)
  2 oozes
  A worm (D:2)
  A dart slug (D:1)
  2 leopard geckos (D:1)
  3 orcs
  6 bats
  6 giant cockroaches
  4 hobgoblins (D:1)
  4 jackals (D:5)
  8 kobolds
  A quokka (D:4)
  4 frilled lizards
  10 goblins
  A leopard gecko skeleton (D:4)
  9 rats
67 creatures vanquished.

Notes
Turn   | Place    | Note
-------+----------+-------------------------------------------
     0 | D:1      | CyclopB the Octopode Transmuter began the quest for the Orb.
     0 | D:1      | Reached XP level 1. HP: 13/13 MP: 3/3
   349 | D:1      | Reached XP level 2. HP: 15/18 MP: 5/5
   900 | D:1      | Learned a level 2 spell: Sticks to Snakes
  1057 | D:1      | Reached XP level 3. HP: 23/23 MP: 6/6
  1235 | D:2      | Found a runed door.
  1679 | D:2      | Reached skill level 3 in Dodging
  1802 | D:2      | Noticed Robin
  1908 | D:2      | Reached XP level 4. HP: 28/28 MP: 7/7
  2100 | D:2      | Killed Robin
  2234 | D:2      | Reached skill level 4 in Dodging
  2920 | D:3      | Reached skill level 1 in Stealth
  3251 | D:3      | Reached XP level 5. HP: 33/33 MP: 8/8
  3562 | D:4      | Noticed Sigmund
  3573 | D:4      | Noticed Ijyb
  3573 | D:4      | Noticed an ogre
  3578 | D:5      | Entered Level 5 of the Dungeon
  3695 | D:5      | Splashed by a jelly's acid

Skill      XL: |  1  2  3  4  5 |
---------------+----------------+-----
Transmutations | 3 |  3.1
Dodging        | 3 4 |  4.5
Stealth        | 1 2 |  2.0
Fighting       | |  1.0
Unarmed Combat | |  3.0
Spellcasting   | |  2.0
Evocations     | |  0.7

Action                   |  1- 3 |  4- 6 || total
-------------------------+-------+-------++-------
Melee: Unarmed           |    10 |       ||    10
       Constrict         |    20 |    21 ||    41
       Dagger            |    76 |    97 ||   173
       Tentacles         |    13 |    23 ||    36
       Punch             |     1 |       ||     1
Throw: Stone             |    42 |    35 ||    77
 Cast: Beastly Appendage |     5 |       ||     5
  Use: Potion            |       |     3 ||     3
 Stab: Sleeping          |     5 |     5 ||    10
  Eat: Chunk             |     3 |     6 ||     9
Armor: Skin              |     2 |     4 ||     6
Dodge: Dodged            |    47 |    52 ||    99
